 Dungeon Crawl Stone Soup version 0.26.1-11-gd32895ea62 (webtiles) character file.

Game seed: 15943965626773738094

445 diana the Chopper (level 6, 0/48 HPs)
             Began as a Demonspawn Gladiator on Apr 19, 2021.
             Was an Initiate of Gozag.
             Killed from afar by an orc wizard (7 damage)
             ... with a magic dart
             ... on level 4 of the Dungeon.
             The game lasted 00:03:50 (3747 turns).

diana the Chopper (Demonspawn Gladiator)            Turns: 3747, Time: 00:03:52

Health: 0/48       AC:  4    Str: 16    XL:     6   Next: 72%
Magic:  6/6        EV: 14    Int:  9    God:    Gozag
Gold:   399        SH:  0    Dex: 15    Spells: 5/5 levels left

rFire    . . .     SeeInvis +   a - +0 war axe
rCold    . . .     Faith    .   (no shield)
rNeg     . . .     Spirit   .   b - +0 leather armour
rPois    .         Reflect  .   (helmet restricted)
rElec    .         Harm     .   (no cloak)
rCorr    .         Rampage  .   i - +0 pair of gloves
Will     .....                  (no boots)
Stlth    +.........             (no amulet)
HPRegen  0.16/turn              k - ring of see invisible
MPRegen  0.10/turn              (no ring)

@: gold aura
A: antennae 2, powered by pain 1
a: Renounce Religion, Potion Petition, Call Merchant, Bribe Branch


You were on level 4 of the Dungeon.
You worshipped Gozag.
Gozag was aware of your devotion.
You visited 1 branch of the dungeon, and saw 4 of its levels.

You collected 423 gold pieces.
You paid 24 gold pieces to Gozag.

Inventory:

Hand Weapons
 a - a +0 war axe (weapon)
Missiles
 d - 3 throwing nets (quivered)
Armour
 b - a +0 leather armour (worn)
 c - a +0 helmet
 i - a +0 pair of gloves (worn)
Jewellery
 k - a ring of see invisible (left hand)
Wands
 r - a wand of disintegration (8)
Scrolls
 e - 4 scrolls of identify
 f - 4 scrolls of remove curse {unknown}
 g - a scroll of fog {unknown}
 h - 2 scrolls of enchant armour {unknown}
 j - 2 scrolls of enchant weapon {unknown}
 p - 3 scrolls of teleportation {unknown}
 s - a scroll of noise {unknown}
Potions
 l - 2 potions of brilliance
 m - 2 potions of lignification
 o - a potion of degeneration {unknown}
 q - 2 potions of attraction
 t - a potion of mutation {unknown}


   Skills:
 + Level 4.0 Fighting
 + Level 4.1 Axes
 - Level 1.7 Throwing
 + Level 2.9 Armour
 + Level 4.1 Dodging


You had 5 spell levels left.
You didn't know any spells.
Your spell library was empty.

Dungeon Overview and Level Annotations

Branches:
Dungeon (4/15)
 Temple: D:4-7

Altars:
Dithmenos
Gozag
Vehumet
Wu Jian

Shops:
D:4 *


Innate Abilities, Weirdness & Mutations

You have a pair of antennae on your head.
You sometimes gain a little power by taking damage.


Message History

You hit the orc but do no damage. You hit the orc wizard.
The orc wizard closely misses you. The orc priest closely misses you.
The orc wizard misses you. The orc hits you with a +0 mace.
You closely miss the orc priest.
The orc priest is almost dead.
You miss the orc wizard. You barely miss the orc.
The orc wizard hits you but does no damage.
The orc priest hits you.
* * * LOW HITPOINT WARNING * * *
The orc hits you with a +0 mace.
* * * LOW HITPOINT WARNING * * *
The orc wizard hits you with a +0 dagger.
* * * LOW HITPOINT WARNING * * *
You hit the orc priest but do no damage.
The orc priest is almost dead.
You closely miss the orc wizard. You hit the orc but do no damage.
The orc wizard casts a spell at you. The magic dart hits you!
You die...
Your body crumbles into a pile of gold.

### ####
##.####..######## #
#####...##.....#.....
##.#.>#..........##...##
#...............)..####(
........................
......o..............##.
......o@..............#.
......o$.............##.
#....................##.
##........#.#.........#.
#.........###.........#.
.#.[#.##..#...........#.
#..#. ..........#....#
.. .............#....#
.###.........##


You could see an orc priest, an orc wizard (fast) and an orc.

Vanquished Creatures
  A water moccasin (D:4)
  A bullfrog (D:4)
  A howler monkey (D:4)
  An orc priest (D:3)
  A hound (D:4)
  An orc wizard (D:4)
  An iguana (D:4)
  A worker ant (D:4)
  5 adders
  2 leopard geckos (D:1)
  8 orcs
  3 giant cockroaches
  6 goblins
  6 hobgoblins
  2 quokkas (D:2)
  2 ball pythons (D:4)
  11 bats
  2 frilled lizards
  5 kobolds
  6 rats
66 creatures vanquished.

Notes
Turn   | Place    | Note
-------+----------+-------------------------------------------
     0 | D:1      | diana the Demonspawn Gladiator began the quest for the Orb.
     0 | D:1      | Reached XP level 1. HP: 16/16 MP: 1/1
   264 | D:1      | Gained mutation: You have a pair of small antennae on your
                  | head. [demonic ancestry]
   264 | D:1      | Reached XP level 2. HP: 22/22 MP: 2/2
   902 | D:2      | Found an opulent altar of Gozag.
   924 | D:2      | Became a worshipper of Gozag Ym Sagoz the Greedy
  1034 | D:2      | Reached skill level 1 in Armour
  1034 | D:2      | Reached XP level 3. HP: 16/28 MP: 3/3
  1920 | D:3      | Found a radiant altar of Vehumet.
  2015 | D:3      | Noticed a bullfrog
  2154 | D:3      | Gained mutation: You have a pair of antennae on your head.
                  | [demonic ancestry]
  2154 | D:3      | Reached XP level 4. HP: 24/34 MP: 4/4
  2698 | D:4      | Gained mutation: You sometimes gain a little power by
                  | taking damage. [demonic ancestry]
  2698 | D:4      | Reached XP level 5. HP: 26/41 MP: 5/5
  2820 | D:4      | Found a shadowy altar of Dithmenos.
  3040 | D:4      | Reached XP level 6. HP: 13/47 MP: 6/6
  3411 | D:4      | Found Kaulos's Serpentskin Sales.
  3411 | D:4      | Noticed a water moccasin
  3445 | D:4      | Killed a water moccasin
  3716 | D:4      | Found an ornate altar of the Wu Jian Council.
  3747 | D:4      | Killed from afar by an orc wizard

Illustrated notes

Levels and vault maps discovered:
D:1:      minmay_arrival_glassed_features, layout_rooms, interstate_on_off,
          minivault_19
D:2:      layout_loops_cross, overflow_temple_1_default
D:3:      layout_rooms, marbit_many_paths, amcnicky_mini_pool_small,
          minmay_misc_feat_four_crosses
D:4:      layout_cave_pools, lemuel_doored_altar, nzn_wu_jian_contemplation,
          guppyfry_shop_venom

Skill      XL: |  1  2  3  4  5  6 |
---------------+-------------------+-----
Axes           | 3 4 |  4.1
Armour         | 1 2 |  2.9
Dodging        | 3 4 |  4.1
Fighting       | 3 4 |  4.0
Throwing       | |  1.7

Action                   |  1- 3 |  4- 6 || total
-------------------------+-------+-------++-------
Melee: War axe           |   114 |   125 ||   239
  Use: Scroll            |       |     3 ||     3
       Potion            |       |     2 ||     2
 Stab: Sleeping          |       |     1 ||     1
Armor: Leather armour    |    40 |    14 ||    54
       Skin              |       |    41 ||    41
Dodge: Dodged            |   100 |    93 ||   193
